Map: Frost LE

Players

blackxored

  • Race: Zerg Zerg
  • League: Diamond

DjOtZt - Winner!

  • Race: Zerg Zerg
  • League: Platinum

VOD

Have the link to the VOD?

Description

Time

  • Played on: July 3, 2016, 6:31 a.m.
  • Length: 12:47
Show
View Real Time Build Order
Export as new Build Order

blackxored Zerg 

Build Orders: Pool First 

Get SALT Encoding   

  12  0:02  Drone  
  13  0:09  Drone  
  14  0:16  Extractor  
  14  0:18  Drone  
  14  0:33  Spawning Pool  
  13  0:36  Drone  
  14  0:45  Overlord  
  14  0:50  Extractor  
  14  0:53  Drone  
  15  1:08  Drone x2  
  17  1:12  Drone  
  18  1:19  Metabolic Boost  
  18  1:27  Queen  
  20  1:34  Drone  
  20  1:39  Overlord  
  21  1:53  Zergling x2  
  22  2:01  Baneling Nest, Zergling x2  
  22  2:08  Zergling x2  
  23  2:21  Drone  
  24  2:25  Hatchery  
  23  2:31  Drone  
  24  2:37  Queen  
  24  2:40  Zergling x2  
  27  2:53  Drone  
  27  2:56  Evolution Chamber  
  27  3:12  Drone x3  
  29  3:21  Overlord  
  29  3:24  Zerg Melee Weapons Level 1  
  29  3:26  Drone  
  30  3:39  Drone  
  30  3:40  Drone x2  
  33  3:51  Drone  
  34  3:58  Drone x3  
  34  4:00  Drone  
  38  4:05  Drone  
  38  4:06  Drone, Hatchery  
  39  4:10  Zergling x2  
  40  4:18  Drone x4  
  40  4:23  Overlord  
  44  4:27  Lair  
  43  4:35  Baneling x4  
  43  4:36  Extractor  
  42  4:39  Drone x2  
  42  4:43  Drone  
  42  4:44  Extractor  
  42  4:45  Drone x3  
  47  4:50  Drone x3  
  47  4:51  Extractor  
  47  4:52  Drone  
  50  5:06  Zergling x4  
  52  5:07  Overlord  
  53  5:21  Drone  
  53  5:24  Zergling x10  
  53  5:25  Overlord  
  58  5:30  Drone  
  58  5:31  Spire  
  58  5:44  Zergling x16  
  66  5:55  Overlord  
  66  5:56  Overlord x2  
  66  6:13  Queen  
  61  6:34  Drone x15  
  76  6:43  Mutalisk  
  76  6:46  Mutalisk x2  
  82  6:59  Mutalisk x3  
  88  7:04  Drone x2  
  88  7:05  Extractor, Drone  
  88  7:07  Extractor, Drone  
  88  7:18  Drone x3  
  88  7:20  Drone  
  86  7:33  Overlord x2  
  86  7:40  Infestation Pit, Zerg Melee Weapons Level 2  
  85  7:45  Drone  
  85  7:46  Mutalisk x2  
  85  7:49  Overlord x3  
  90  8:19  Zergling x34  
  105  8:35  Hatchery  
  104  8:47  Zergling x20  
  114  8:55  Hive  
  114  9:00  Drone  
  114  9:02  Drone x5, Evolution Chamber  
  102  9:36  Drone x15  
  117  9:39  Zerg Ground Armor Level 1  
  117  9:44  Zergling x4  
  119  9:47  Overlord  
  119  10:13  Ultralisk Cavern  
  118  10:26  Zergling x2  
  118  10:27  Zergling x2  
  120  10:32  Extractor  
  120  10:34  Extractor  
  107  11:14  Chitinous Plating  
  107  11:15  Ultralisk x2  
  107  11:16  Overlord  
  107  11:17  Overlord x4  
  119  11:41  Ultralisk x6, Hatchery  
  154  11:53  Overseer x2  
  154  11:57  Overseer  
  147  12:10  Overseer x3  
Show
View Real Time Build Order
Export as new Build Order

DjOtZt Zerg - Winner!

Build Orders: Pool First, Lurkers 

Get SALT Encoding   

  12  0:02  Drone  
  13  0:10  Drone  
  14  0:19  Extractor, Drone  
  15  0:24  Extractor  
  15  0:25  Extractor, Drone  
  16  0:31  Overlord  
  16  0:39  Extractor  
  16  0:40  Extractor  
  14  0:43  Drone, Evolution Chamber  
  14  0:49  Drone  
  18  0:57  Drone  
  18  1:01  Spawning Pool  
  18  1:02  Extractor  
  17  1:07  Drone  
  18  1:19  Drone  
  19  1:28  Drone  
  20  1:43  Hatchery  
  19  1:50  Zergling x4  
  19  1:51  Spine Crawler  
  20  2:01  Zergling x2  
  21  2:11  Zergling x2  
  22  2:23  Baneling Nest  
  22  2:26  Overlord  
  22  2:28  Queen  
  22  2:29  Metabolic Boost, Extractor  
  23  2:45  Drone x2  
  25  2:54  Drone  
  25  2:55  Queen, Drone  
  29  3:06  Zergling x4  
  30  3:16  Zergling x4  
  32  3:20  Baneling x2  
  32  3:21  Baneling  
  32  3:26  Drone  
  34  3:27  Drone  
  34  3:37  Drone  
  35  3:44  Extractor, Drone  
  35  3:45  Overlord  
  35  4:02  Queen  
  35  4:04  Drone x4, Hatchery  
  35  4:08  Drone  
  41  4:10  Drone  
  41  4:12  Drone  
  43  4:32  Overlord x2  
  43  4:44  Lair  
  43  4:49  Overlord  
  43  4:50  Evolution Chamber x2  
  41  4:53  Drone x6  
  41  4:54  Drone  
  41  4:56  Extractor  
  41  4:59  Extractor  
  46  5:00  Drone x2  
  46  5:03  Drone  
  49  5:09  Drone  
  49  5:13  Drone x3  
  53  5:14  Drone  
  53  5:21  Drone x2  
  56  5:25  Zergling x2  
  56  5:26  Drone x3  
  56  5:28  Zergling x2  
  61  5:32  Zerg Missile Weapons Level 1  
  61  5:38  Zerg Ground Armor Level 1  
  61  5:48  Drone x4  
  61  5:49  Drone x2  
  67  5:52  Queen  
  70  6:04  Drone x4  
  73  6:12  Hydralisk Den, Spore Crawler, Drone x2  
  73  6:13  Spine Crawler  
  68  6:23  Spine Crawler  
  68  6:24  Spine Crawler  
  62  6:29  Zergling x8  
  65  6:33  Zergling x4  
  65  6:34  Zergling x2  
  68  6:42  Zergling x10  
  68  6:46  Muscular Augments  
  73  6:49  Overlord x3  
  73  6:52  Overlord  
  73  6:53  Extractor  
  72  6:55  Extractor  
  72  6:56  Hydralisk  
  72  6:59  Drone  
  74  7:01  Overlord  
  74  7:07  Drone  
  74  7:08  Drone x2  
  77  7:19  Hydralisk x3  
  77  7:20  Hydralisk x4  
  89  7:25  Queen  
  91  7:33  Zerg Missile Weapons Level 2  
  91  7:35  Hydralisk x2  
  95  7:40  Drone x3  
  95  7:41  Drone x2  
  95  7:43  Drone  
  101  7:44  Drone  
  101  7:45  Drone  
  101  7:46  Drone  
  101  7:48  Drone  
  101  7:51  Spine Crawler  
  104  7:52  Overseer  
  104  7:54  Overseer  
  104  8:07  Hydralisk x2  
  104  8:08  Hydralisk  
  104  8:12  Hatchery  
  110  8:22  Hydralisk x2  
  110  8:24  Hatchery  
  113  8:28  Overlord x3  
  113  8:32  Spore Crawler  
  112  8:34  Spore Crawler  
  112  8:35  Spore Crawler  
  112  8:36  Spine Crawler  
  112  8:39  Spore Crawler  
  108  8:42  Spore Crawler  
  108  8:44  Hydralisk x3  
  108  8:48  Hydralisk x2  
  113  8:53  Lurker Den  
  117  9:00  Hydralisk x2  
  121  9:03  Overlord  
  121  9:05  Overseer  
  121  9:10  Hydralisk x2  
  121  9:15  Extractor x2  
  121  9:16  Hydralisk x2  
  127  9:18  Hydralisk  
  128  9:26  Hydralisk  
  128  9:27  Spine Crawler  
  128  9:28  Hydralisk  
  131  9:34  Drone x3  
  131  9:35  Drone x2  
  131  9:38  Drone  
  137  9:39  Drone  
  137  9:40  Drone  
  139  9:48  Overlord  
  139  9:50  Zerg Ground Armor Level 2  
  139  9:55  Hydralisk  
  139  9:56  Infestation Pit  
  139  9:59  Overlord  
  140  10:07  Zerg Melee Weapons Level 1  
  140  10:10  Drone x5  
  140  10:11  Drone  
  146  10:29  Hydralisk x5  
  146  10:31  Lurker  
  146  10:33  Lurker x3  
  161  10:35  Lurker  
  161  10:36  Lurker  
  161  10:38  Hydralisk  
  159  10:47  Spore Crawler  
  158  10:50  Spore Crawler  
  158  10:51  Spore Crawler  
  156  11:04  Hydralisk x5  
  150  11:07  Hydralisk  
  150  11:08  Hydralisk  
  158  11:14  Drone  
  158  11:15  Overlord  
  158  11:16  Overlord  
  159  11:19  Overlord  
  159  11:31  Spine Crawler  
  158  11:37  Hydralisk x4  
  166  11:41  Hydralisk  
  166  11:43  Drone  
  169  11:50  Hydralisk x2  
  173  12:04  Hydralisk  
  173  12:05  Hydralisk x3  
  181  12:10  Hydralisk  
Tags
 
Composition
Lurkers
Matchup
ZvZ
Race
Zerg
Add a new tag
Caveats
  • Supply blocks, unpowered buildings, or Contaminate may cause inaccurate times.
  • Supply counts are checked every 10 seconds.